 Dungeon Crawl Stone Soup version 0.26.1-11-gd32895ea62 (webtiles) character file.

Game seed: 16113057987752217360

541 Kalagan26 the Grave Robber (level 7, -2/47 (51) HPs)
             Began as a Human Necromancer on June 21, 2021.
             Slain by an ogre
             ... wielding a +0 giant club
              (26 damage)
             ... on level 5 of the Dungeon.
             The game lasted 00:40:30 (15456 turns).

Kalagan26 the Grave Robber (Human Necromancer)     Turns: 15456, Time: 00:40:31

HP:   -2/47 (51)    AC:  4    Str:  8    XL:     7   Next: 51%
MP:   12/12         EV: 14    Int: 18    God:
Gold: 171           SH:  0    Dex: 18    Spells: 11/13 levels left

rFire    . . .     SeeInvis .   z - +3 dagger of Conflict {flame, +Inv Dex+5}
rCold    . . .     Faith    .   (no shield)
rNeg     . . .     Spirit   .   a - +0 robe
rPois    .         Reflect  .   (no helmet)
rElec    .         Harm     .   (no cloak)
rCorr    .         Rampage  .   E - +0 pair of gloves
Will     .....                  y - +0 pair of boots
Stlth    +++.......             k - amulet of the acrobat
HPRegen  0.15/turn              G - +4 ring of slaying
MPRegen  0.13/turn              (no ring)

@: drained
A: no striking features
a: Evoke Invisibility


You were on level 5 of the Dungeon.
You visited 1 branch of the dungeon, and saw 5 of its levels.

You collected 247 gold pieces.
You spent 76 gold pieces at shops.

Inventory:

Hand Weapons
 b - a +0 dagger
 z - the +3 dagger of Conflict (weapon) {flame, +Inv Dex+5}
   (You found it on level 5 of the Dungeon)

   It has been specially enchanted to burn those struck by it, causing extra
   injury to most foes and up to half again as much damage against particularly
   susceptible opponents.
   It affects your dexterity (+5).
   It lets you turn invisible.
Missiles
 c - 152 stones
 d - 20 poisoned darts
 v - 11 bolts
 C - a throwing net
 F - 4 large rocks
Armour
 a - a +0 robe (worn)
 y - a +0 pair of boots (worn)
 E - a +0 pair of gloves (worn)
Jewellery
 k - an amulet of the acrobat (around neck)
 G - a +4 ring of slaying (left hand)
 H - a -4 ring of evasion
Wands
 n - a wand of flame (12)
 s - a wand of paralysis (9)
 B - a wand of iceblast (8)
Scrolls
 f - 3 scrolls of remove curse
 g - a scroll of noise {unknown}
 h - 2 scrolls of magic mapping {unknown}
 m - 2 scrolls of fear {unknown}
 q - 2 scrolls of blinking {unknown}
 r - 2 scrolls of enchant weapon {unknown}
 u - 2 scrolls of amnesia {unknown}
 x - 4 scrolls of identify
 D - 3 scrolls of teleportation {unknown}
Potions
 e - a potion of ambrosia {unknown}
 i - 4 potions of curing
 j - 2 potions of berserk rage {unknown}
 l - a potion of cancellation {unknown}
 o - a potion of invisibility {unknown}
 p - a potion of lignification {unknown}
 t - a potion of brilliance {unknown}
 w - a potion of attraction {unknown}
 A - a potion of magic {unknown}


   Skills:
 * Level 2.8 Fighting
 * Level 3.3 Dodging
 * Level 3.4 Stealth
 + Level 3.8 Spellcasting
 + Level 5.5 Necromancy
 * Level 1.0 Evocations


You had 11 spell levels left.
You knew the following spells:

 Your Spells              Type           Power        Failure   Level
a - Pain                  Necr           92%          1%          1
b - Animate Skeleton      Necr           46%          1%          1

Your spell library contained the following spells:

 Spells                   Type           Power        Failure   Level
 Vampiric Draining        Necr           11%          4%          3
 Animate Dead             Necr           11%          16%         4
 Agony                    Necr           23%          38%         5
 Confusing Touch          Hex            3%           41%         3
 Gell's Gravitas          Tloc           1%           41%         3
 Petrify                  Tmut/Erth      3%           83%         4
 Metabolic Englaciation   Hex/Ice        1%           99%         5
 Yara's Violent Unravell  Hex/Tmut       1%           99%         5


Dungeon Overview and Level Annotations

Branches:
Dungeon (5/15)
 Temple: D:4-7

Altars:
Hepliaklqana
Qazlal
Sif Muna
Uskayaw
Vehumet
Yredelemnul
Zin

Shops:
D:4 ?=

Annotations:
D:2 1 runed translucent door, Crazy Yiuf, Robin


Message History

You start waiting.
Done waiting.
You start waiting.
Done waiting.
You start waiting.
Done waiting.
You start waiting.
You start waiting.
You start waiting.
You start waiting.
Done waiting.
There is a stone staircase leading down here.
You climb downwards.
The jackal completely misses you.
The ogre hits you with a +0 giant club!!
Ouch! That really hurt!
The jackal barely misses you. The jackal completely misses you.
There is a stone staircase leading up, spattered with blood here.
The ogre hits you with a +0 giant club!!
Ouch! That really hurt!
You die...

......#........#.................
......#........#.................
...............##.....#..........
......................#..........
####...#.....#.............[.....
#.....##...............#.###.....
#.....##...............#...#.....
#..............[.......#...#.....
.............#..@O.....#...#.....
.............#...h...[)..........
.............####.....#[.........
......##.....####...#.#..........
.......................#.##......
.........................##...###
.........................##..)###
...†.............................
...#....................>........


You could see an ogre and a jackal.

Vanquished Creatures
  2 scorpions
  3 hounds
  4 orc wizards
  An orc priest (D:4)
  A centaur skeleton (D:4)
  An iguana (D:4)
  3 adders
  2 river rats (D:4)
  An ooze (D:3)
  2 adder skeletons
  4 worms
  A dart slug (D:1)
  2 leopard geckos
  16 orcs
  2 ball pythons
  2 giant cockroaches
  6 goblins
  9 hobgoblins
  7 jackals
  5 kobolds
  6 bats
  4 frilled lizards
  A jackal skeleton (D:5)
  A quokka zombie (D:3)
  7 rats
93 creatures vanquished.

Notes
Turn   | Place    | Note
-------+----------+-------------------------------------------
     0 | D:1      | Kalagan26 the Human Necromancer began the quest for the
                  | Orb.
     0 | D:1      | Reached XP level 1. HP: 13/13 MP: 3/3
   402 | D:1      | Reached XP level 2. HP: 17/20 MP: 5/5
  1567 | D:2      | Reached XP level 3. HP: 18/25 MP: 6/6
  1982 | D:2      | Reached skill level 1 in Fighting
  2325 | D:2      | Found a runed translucent door.
  2326 | D:2      | Noticed Crazy Yiuf
  2357 | D:2      | Noticed Robin
  2408 | D:2      | Learned a level 1 spell: Animate Skeleton
  2719 | D:2      | Reached XP level 4. HP: 23/32 MP: 4/7
  3159 | D:2      | Found a shimmering blue altar of Sif Muna.
  3201 | D:2      | Found a hazy altar of Hepliaklqana.
  3329 | D:2      | Found a hide-covered altar of Uskayaw.
  3333 | D:2      | Found a basalt altar of Yredelemnul.
  4752 | D:4      | Reached XP level 5. HP: 35/37 MP: 5/8
  5179 | D:4      | Reached skill level 5 in Necromancy
  5179 | D:4      | Reached XP level 6. HP: 40/44 MP: 5/10
  5219 | D:4      | Found a radiant altar of Vehumet.
  5536 | D:4      | Found a stormy altar of Qazlal.
  6046 | D:5      | Entered Level 5 of the Dungeon
  6396 | D:5      | Got a translucent dagger
  6402 | D:5      | Identified the +3 dagger of Conflict {flame, +Inv Dex+5}
                  | (You found it on level 5 of the Dungeon)
  6915 | D:5      | Reached XP level 7. HP: 33/50 MP: 3/12
  7648 | D:4      | Found Sifoqeum's Magic Scroll Shoppe.
  7664 | D:4      | Bought a scroll of identify for 24 gold pieces
  7664 | D:4      | Bought a scroll of identify for 24 gold pieces
  7696 | D:4      | Found Jeifemaur's Jewellery Shop.
  7717 | D:4      | Bought a cursed -4 ring of evasion for 28 gold pieces
  7865 | D:4      | Reached skill level 1 in Evocations
  7886 | D:4      | Found a glowing silver altar of Zin.
 15456 | D:5      | Slain by an ogre

Illustrated notes

Levels and vault maps discovered:
D:1:      lemuel_arrival_tunnels, layout_basic
D:2:      layout_loops_ring, nicolae_overflow_hidden_temple,
          minmay_misc_feat_doors, uniq_robin, uniq_crazy_yiuf_cottage
D:3:      layout_loops_ring, grunt_temple_overflow_growth_and_decay,
          minmay_randomly_rotated_circles
D:4:      layout_gridville, grunt_temple_overflow_open, zin_statuary,
          serial_shops, shop_fountains, lightli_sewer_entry_pipes,
          minmay_shop_enchanted_jewellery
D:5:      layout_basic, hangedman_glass_teeth, grunt_dithmenos_shadows,
          uniq_sigmund

Skill      XL: |  1  2  3  4  5  6  7 |
---------------+----------------------+-----
Fighting       | 1 2 |  2.8
Spellcasting   | 3 |  3.8
Necromancy     | 5 |  5.5
Dodging        | 3 |  3.3
Stealth        | 3 |  3.4
Evocations     | 1 |  1.0

Action                   |  1- 3 |  4- 6 |  7- 9 || total
-------------------------+-------+-------+-------++-------
Melee: Dagger            |    71 |    82 |    25 ||   178
Throw: Dart              |    34 |       |       ||    34
       Stone             |     1 |       |       ||     1
 Cast: Pain              |    33 |   104 |    26 ||   163
       Animate Skeleton  |     1 |     6 |       ||     7
 Abil: Evoke Invisibilit |       |     1 |       ||     1
  Use: Potion            |     1 |       |       ||     1
       Scroll            |       |     2 |     2 ||     4
 Stab: Sleeping          |     2 |     4 |     1 ||     7
Armor: Robe              |    12 |    10 |     4 ||    26
Dodge: Dodged            |    89 |    66 |    28 ||   183
